 Dungeon Crawl Stone Soup version 0.23-a0-143-g1adec7b (webtiles) character file.

10876 galech the Cleaver (level 11, 0/84 HPs)
             Began as a Demonspawn Fighter on Sept 4, 2018.
             Was a High Priest of Okawaru.
             Slain by an orc warrior
             ... wielding a +0 glaive
              (12 damage)
             ... on level 2 of the Orcish Mines.
             The game lasted 00:16:09 (10669 turns).

galech the Cleaver (Demonspawn Fighter)            Turns: 10669, Time: 00:16:10

Health: 0/84       AC: 15    Str: 17    XL:     11   Next: 41%
Magic:  0/11       EV:  6    Int: 10    God:    Okawaru [*****.]
Gold:   927        SH: 21    Dex: 15    Spells: 10/10 levels left

rFire    + . .     SeeInvis .   I - +2 war axe (chop)
rCold    . . .     Gourm    .   E - +0 large shield
rNeg     . . .     Faith    .   A - +0 plate armour
rPois    .         Spirit   +   y - +0 helmet
rElec    .         Reflect  +   (no cloak)
rCorr    .         Harm     .   (no gloves)
MR       +....                  (no boots)
Stlth    ..........             c - +5 amulet of reflection
HPRegen  0.24/turn              l - ring of protection from magic
MPRegen  0.24/turn              x - ring of protection from fire

@: no status effects
A: hooves 2, magic shield, magic regeneration, rot immunity, sturdy frame 2
a: Heroism, Finesse, Renounce Religion


You were on level 2 of the Orcish Mines.
You worshipped Okawaru.
Okawaru was extremely pleased with you.
You were not hungry.

You visited 3 branches of the dungeon, and saw 13 of its levels.

You collected 927 gold pieces.

Inventory:

Hand Weapons
 B - a +4 hand axe of freezing
 I - a +2 war axe of chopping (weapon)
Armour
 y - a +0 helmet (worn)
 A - a +0 plate armour (worn)
 E - a +0 large shield (worn)
 H - a +0 troll leather armour
Jewellery
 c - a +5 amulet of reflection (around neck)
 g - an uncursed ring of flight
 l - a ring of protection from magic (left hand)
 o - an uncursed ring of stealth
 r - an uncursed ring of see invisible
 x - a ring of protection from fire (right hand)
Wands
 b - a wand of flame (30)
 v - a wand of digging (21)
 z - a wand of polymorph (11)
 C - a wand of iceblast (14)
 D - a wand of clouds (7)
Scrolls
 a - 2 scrolls of random uselessness {unknown}
 e - 6 scrolls of remove curse
 h - 4 scrolls of teleportation
 i - 2 scrolls of enchant armour
 j - 2 scrolls of immolation
 m - 3 scrolls of enchant weapon
 n - a scroll of magic mapping
 p - 2 scrolls of fog
 q - 5 scrolls of fear
 u - 2 scrolls of blinking
 F - 2 scrolls of identify
Potions
 d - a potion of might
 k - 4 potions of curing
 s - 2 potions of brilliance {unknown}
 t - a potion of invisibility {unknown}
 w - 3 potions of heal wounds {unknown}
 G - a potion of lignification {unknown}
Comestibles
 f - 21 rations
 J - 15 chunks of flesh


   Skills:
 + Level 7.5 Fighting
 + Level 10.0 Axes
 + Level 8.1 Armour
 + Level 4.0 Dodging
 + Level 1.4 Stealth
 + Level 8.5 Shields
 + Level 0.6 Invocations


You had 10 spell levels left.
You didn't know any spells.
Your spell library contained the following spells:

 Spells                   Type           Power        Failure   Level  Hunger
 Corona                   Hex            #......      100%        1    ##.....
 Ensorcelled Hibernation  Hex/Ice        #.....       100%        2    ###....
 Confuse                  Hex            #.......     100%        3    ####...
 Dazzling Spray           Conj/Hex       #.....       100%        3    ####...
 Tukima's Dance           Hex            #.......     100%        3    ####...
 Cause Fear               Hex            #.........   100%        4    #####..
 Silence                  Hex/Air        #.........   100%        5    ######.
 Yara's Violent Unravell  Hex/Tmut       #.........   100%        5    ######.
 Deflect Missiles         Chrm/Air       #.........   100%        6    #######
 Discord                  Hex            #.........   100%        8    #######


Dungeon Overview and Level Annotations

Branches:
Dungeon (10/15)            Temple (1/1) D:6             Orc (2/2) D:10
    Elf (0/3) Orc:2
   Lair: D:8-11

Altars:
Ashenzari
Cheibriados
Dithmenos
Elyvilon
Fedhas
Gozag
Kikubaaqudgha
Makhleb
Nemelex Xobeh
Okawaru
Qazlal
Ru
Sif Muna
Trog
Uskayaw
Wu Jian
Xom
Yredelemnul
Zin
The Shining One


Innate Abilities, Weirdness & Mutations

You have hoof-like feet.
When hurt, damage is shared between your health and your magic reserves.
You regenerate magic rapidly.
You are immune to rotting.
Your movements are less encumbered by armour. (ER -4)


Message History

The orc warrior hits you with a flail.
Unknown command.
You slash the orc warrior!
You kick the orc warrior, but do no damage.
The orc warrior is heavily wounded.
You hit the orc warrior but do no damage.
You block the orc warrior's attack. The orc warrior hits you with a glaive!
* * * LOW HITPOINT WARNING * * *
You closely miss the orc warrior.
You kick the orc warrior, but do no damage.
The orc warrior is heavily wounded.
You closely miss the orc warrior. You block the orc warrior's attack. x2
You slash the orc warrior!
You kick the orc warrior, but do no damage.
The orc warrior is almost dead.
You hit the orc warrior but do no damage.
The orc warrior hits you with a flail!
* * * LOW HITPOINT WARNING * * *
The orc warrior hits you with a glaive!
You die...

.................##
................##
...............##
..............##
.............##
............##
.......).).##
........o[##
........@##
........o.##
...........##
............##
.........##..##
.........###.[##
.......... ##.)#
.......... ##..#
........... ##..#


You could see 2 orc warriors.

Vanquished Creatures
  2 two-headed ogres (D:9)
  The ghost of Gorice the Archer, a novice NaWn of Cheibriados (D:7)
  An orc knight (Orc:2)
  2 trolls
  A merfolk (D:9)
  A hornet (D:10)
  2 hippogriffs
  2 wyverns
  5 wargs
  A water moccasin (D:8)
  3 ice beasts
  2 sky beasts
  An eye of draining (D:7)
  6 orc warriors
  3 black bears
  A necrophage (D:7)
  2 phantoms
  12 ogres
  3 centaurs
  A big kobold (D:8)
  7 bullfrogs
  7 scorpions
  15 killer bees
  3 wights (D:10)
  An electric eel (Orc:1)
  2 crimson imps
  4 hounds
  3 jellies
  A bullfrog zombie (D:6)
  10 orc priests
  A gnoll shaman (D:6)
  17 orc wizards
  Natasha (thrice) (D:4)
  2 iguanas
  10 worker ants
  A hound skeleton (D:4)
  Robin (D:4)
  3 gnolls (D:6)
  A howler monkey skeleton (D:7)
  8 adders
  2 shadow imps
  An ooze (D:5)
  2 adder zombies
  3 worms
  A dart slug (D:3)
  4 leopard geckos
  50 orcs
  7 giant cockroaches
  13 goblins
  14 hobgoblins
  2 jackals (D:7)
  3 quokkas
  5 ball pythons
  6 bats
  4 frilled lizards
  12 kobolds
  A leopard gecko skeleton (D:6)
  7 rats
  A spectral orc (D:7)
290 creatures vanquished.

Vanquished Creatures (others)
  A centaur (D:10)
  A withered plant (D:7)
2 creatures vanquished.

Grand Total: 292 creatures vanquished

Notes
Turn   | Place    | Note
-------+----------+-------------------------------------------
     0 | D:1      | galech the Demonspawn Fighter began the quest for the Orb.
     0 | D:1      | Reached XP level 1. HP: 18/18 MP: 1/1
   109 | D:1      | Gained mutation: When hurt, damage is shared between your
                  | health and your magic reserves. [demonic ancestry]
   109 | D:1      | Reached XP level 2. HP: 24/24 MP: 2/2
   167 | D:1      | Reached skill level 2 in Axes
   416 | D:1      | You fall through a shaft!
   421 | D:2      | Gained mutation: You have large cloven feet. [demonic
                  | ancestry]
   421 | D:2      | Reached XP level 3. HP: 26/29 MP: 3/3
  1357 | D:2      | Gained mutation: You regenerate magic rapidly. [demonic
                  | ancestry]
  1357 | D:2      | Reached XP level 4. HP: 32/35 MP: 4/4
  1403 | D:2      | Found a burning altar of Makhleb.
  1415 | D:2      | Reached skill level 3 in Axes
  1689 | D:3      | Reached XP level 5. HP: 15/41 MP: 2/5
  1754 | D:3      | Found an opulent altar of Gozag.
  2066 | D:3      | Reached skill level 1 in Dodging
  2307 | D:4      | Noticed an ogre
  2313 | D:4      | Killed an ogre
  2325 | D:4      | Noticed a phantom
  2352 | D:4      | Killed a phantom
  2352 | D:4      | Reached skill level 4 in Axes
  2352 | D:4      | Gained mutation: Your movements are slightly less
                  | encumbered by armour. (ER -2) [demonic ancestry]
  2352 | D:4      | Reached XP level 6. HP: 15/48 MP: 3/6
  2470 | D:4      | Found a blossoming altar of Fedhas.
  2745 | D:4      | Noticed Natasha
  2751 | D:4      | Killed Natasha
  2772 | D:4      | Reached skill level 5 in Axes
  2772 | D:4      | Gained mutation: You are immune to rotting. [demonic
                  | ancestry]
  2772 | D:4      | Reached XP level 7. HP: 40/53 MP: 5/7
  3101 | D:4      | Noticed Natasha
  3115 | D:4      | Killed Natasha
  3237 | D:4      | Noticed Natasha
  3238 | D:4      | Noticed Robin
  3253 | D:4      | Killed Natasha
  3260 | D:4      | Killed Robin
  3330 | D:4      | Found a shattered altar of Ashenzari.
  3434 | D:5      | Entered Level 5 of the Dungeon
  3630 | D:5      | Reached skill level 6 in Axes
  4205 | D:5      | Reached XP level 8. HP: 51/60 MP: 8/8
  4573 | D:5      | Reached skill level 5 in Armour
  4946 | D:6      | Reached skill level 5 in Fighting
  5123 | D:6      | Reached skill level 7 in Axes
  5337 | D:6      | Found a staircase to the Ecumenical Temple.
  5343 | Temple   | Entered the Ecumenical Temple
  5462 | Temple   | Became a worshipper of Warmaster Okawaru
  5538 | D:6      | Gained mutation: Your movements are less encumbered by
                  | armour. (ER -4) [demonic ancestry]
  5538 | D:6      | Reached XP level 9. HP: 25/69 MP: 5/9
  5614 | D:6      | Reached * piety under Okawaru
  5832 | D:6      | Found an ornate altar of the Wu Jian Council.
  5832 | D:6      | Found a deep blue altar of Sif Muna.
  6295 | D:7      | Reached skill level 5 in Shields
  6513 | D:7      | Found a basalt altar of Yredelemnul.
  6771 | D:7      | Reached ** piety under Okawaru
  6912 | D:7      | Found a bloodstained altar of Trog.
  6966 | D:7      | Found a runed door.
  6970 | D:7      | Noticed Gorice's ghost (novice NaWn)
  7177 | D:7      | Killed Gorice's ghost
  7177 | D:7      | Reached skill level 8 in Axes
  7177 | D:7      | Reached skill level 1 in Stealth
  7480 | D:8      | Found Gecheuqo's General Store.
  7529 | D:7      | Reached XP level 10. HP: 38/77 MP: 8/10
  8309 | D:9      | Noticed a two-headed ogre
  8319 | D:9      | Killed a two-headed ogre
  8446 | D:9      | Reached *** piety under Okawaru
  8532 | D:9      | Noticed a two-headed ogre
  8541 | D:9      | Killed a two-headed ogre
  8541 | D:9      | Reached skill level 9 in Axes
  8743 | D:9      | Reached **** piety under Okawaru
  9038 | D:10     | Entered Level 10 of the Dungeon
  9064 | D:10     | Got a warped flail
  9065 | D:10     | Identified the +4 flail of Beadugg {drain, Str+4} (You
                  | found it on level 10 of the Dungeon)
  9148 | D:10     | Gained mutation: You have hoof-like feet. [demonic
                  | ancestry]
  9148 | D:10     | Reached XP level 11. HP: 84/84 MP: 11/11
  9473 | D:10     | Found a staircase to the Orcish Mines.
  9944 | Orc:1    | Entered Level 1 of the Orcish Mines
 10060 | Orc:1    | Reached ***** piety under Okawaru
 10229 | Orc:2    | Entered Level 2 of the Orcish Mines
 10229 | Orc:2    | Found a staircase to the Elven Halls.
 10473 | Orc:2    | Received a gift from Okawaru
 10629 | Orc:2    | Noticed an orc knight
 10658 | Orc:2    | Killed an orc knight
 10658 | Orc:2    | Reached skill level 10 in Axes
 10669 | Orc:2    | Slain by an orc warrior

Vault maps used:
D:1:      lightli_arrival_statuegarden
D:2:      makhleb_heckhound_becter
D:3:      nicolae_gozag_seed_capital
D:4:      fedhas_altar_1, kennysheep_little_box, uniq_robin, uniq_natasha
D:5:      first_ration
D:6:      gammafunk_temple_overflow_statue, minmay_temple_entry_hall
D:7:      yredelemnul_forgotten_temple_becter, lightli_temple_of_fire,
          gammafunk_ghost_grave
D:8:      serial_shops, shop
D:9:      hangedman_fish_farm
D:10:     minmay_orc_entry_guard_dogs
Temple:   eino_temple_scatter_basement
Orc:1:    lemuel_ogre_cave
Orc:2:    pf_orc_diabolical, basic_altar

Skill      XL: |  1  2  3  4  5  6  7  8  9 10 11 |
---------------+----------------------------------+-----
Shields        | 3 4 5 7 8 |  8.5
Axes           | 2 3 4 5 6 7 8 9 10 | 10.0
Armour         | 3 4 5 6 7 8 |  8.1
Dodging        | 1 2 3 4 |  4.0
Fighting       | 4 5 6 7 |  7.5
Stealth        | 1 |  1.4
Invocations    | |  0.6

Action                   |  1- 3 |  4- 6 |  7- 9 | 10-12 || total
-------------------------+-------+-------+-------+-------++-------
Melee: War axe           |   104 |   119 |   148 |   174 ||   545
       Kick              |    10 |    28 |   131 |   126 ||   295
       Hand axe          |       |       |   230 |   204 ||   434
Invok: Heroism           |       |       |     1 |     3 ||     4
  Use: Scroll            |       |       |    10 |     2 ||    12
       Potion            |       |       |       |     1 ||     1
  Eat: Chunk             |     2 |     4 |    14 |     9 ||    29
       Ration            |       |       |       |     1 ||     1
Armor: Scale mail        |    56 |    46 |   104 |     9 ||   215
       Plate armour      |       |       |       |    97 ||    97
Dodge: Dodged            |    25 |    43 |   132 |    54 ||   254
Block: Shield            |    66 |    62 |   119 |       ||   247
       Large shield      |       |       |    56 |   403 ||   459
       Reflection        |       |       |       |     7 ||     7

Table legend:
 A = Non-vault XP
 B = Vault XP
 C = Vault XP percentage of total XP
 D = Non-vault monster count
 E = Vault monster count
 F = Vault count percentage of total count
                 A         B        C        D         E       F
            +---------+---------+-------+---------+---------+-------
      Total |   11735 |    3803 |  24.5 |     252 |      39 |  13.4
            +---------+---------+-------+---------+---------+-------
        D:1 |      29 |       0 |   0.0 |      18 |       0 |   0.0
        D:2 |      89 |      45 |  33.6 |      28 |       1 |   3.4
        D:3 |      88 |       0 |   0.0 |      20 |       0 |   0.0
        D:4 |     703 |      76 |   9.8 |      18 |      14 |  43.8
        D:5 |     874 |       0 |   0.0 |      30 |       0 |   0.0
        D:6 |    1304 |       0 |   0.0 |      17 |       0 |   0.0
        D:7 |    1558 |     797 |  33.8 |      35 |       2 |   5.4
        D:8 |    1075 |       0 |   0.0 |      15 |       0 |   0.0
        D:9 |    3498 |     317 |   8.3 |      25 |       1 |   3.8
       D:10 |    1252 |     668 |  34.8 |      25 |       4 |  13.8
      Orc:1 |     665 |     728 |  52.3 |      15 |       6 |  28.6
      Orc:2 |     600 |    1172 |  66.1 |       6 |      11 |  64.7
            +---------+---------+-------+---------+---------+-------
